| TOP OF THE 1ST |
|
Rome Braves batting - Pitching for State College Spikes : RHP Willie Alvarado
|
|
Pitching: RHP Willie Alvarado
|
|
|
Batting: RHB Carlos Livas
|
0-0: Called Strike 0-1: Foul Ball, location: 2F 0-2: Ball 1-2: Ball 2-2: Ball 3-2: Base on Balls
|
|
Batting: LHB Mitsujiro Tanaka
|
0-0: Called Strike 0-1: Swinging Strike Carlos Livas steals 2nd base (no throw) 0-2: Strikes out swinging, 2-3 out at first.
|
|
Batting: RHB Rafael Reyes
|
0-0: Ball 1-0: Ball 2-0: Fly out, F7 (Flyball, 78M, EV 80.6 MPH)
|
|
Batting: RHB Dave Pizarro
|
0-0: Called Strike 0-1: Ground out 4-3 (Groundball, 4, EV 86.9 MPH)
|
| Top of the 1st over - 0 runs, 0 hits, 0 errors, 1 left on base; Rome 0 - State College 0 |
| BOTTOM OF THE 1ST |
|
State College Spikes batting - Pitching for Rome Braves : RHP Javy Hernandez
|
|
Pitching: RHP Javy Hernandez
|
|
|
Batting: RHB Chris Rouleau
|
0-0: Ball 1-0: Ball 2-0: Ball 3-0: Called Strike 3-1: Base on Balls
|
|
Batting: RHB Shou-feng Chang
|
0-0: Ground out 5-3 (Groundball, 56, EV 95.0 MPH) Chris Rouleau to second
|
|
Batting: RHB Nelson Salamanca
|
0-0: Called Strike 0-1: Called Strike Chris Rouleau steals 3rd base 0-2: Ball 1-2: Fly out, F5 (Line Drive, 5L, EV 76.9 MPH) Lined into DP, U5 (Line Drive, 5L, EV 69.4 MPH)
|
| Bottom of the 1st over - 0 runs, 0 hits, 0 errors, 0 left on base; Rome 0 - State College 0 |
| TOP OF THE 2ND |
|
Rome Braves batting - Pitching for State College Spikes : RHP Willie Alvarado
|
|
Batting: RHB Tony Cabrera
|
0-0: Called Strike 0-1: Swinging Strike 0-2: Ball 1-2: Ball 2-2: Ball 3-2: Foul Ball, location: 2F 3-2: Base on Balls
|
|
Batting: RHB Yutaka Yamane
|
0-0: Ball Tony Cabrera steals 2nd base 1-0: Ball 2-0: Foul Ball, location: 2F 2-1: Reached on error, E9 (Flyball, 9D, EV 89.4 MPH) Tony Cabrera scores
|
|
Batting: RHB Gebre-Giorgios Wangondu
|
0-0: Ball 1-0: Fly out, F9 (Flyball, 89S, EV 86.2 MPH)
|
|
Batting: LHB Ivan Castillo
|
0-0: Called Strike Yutaka Yamane steals 3rd base 0-1: Swinging Strike 0-2: DOUBLE (Groundball, 3L, EV 100.6 MPH) Yutaka Yamane scores
|
|
Batting: LHB Diego Garcia
|
0-0: Ball 1-0: Swinging Strike 1-1: Called Strike 1-2: Ball 2-2: Ball 3-2: Base on Balls
|
|
Batting: RHB Carlos Livas
|
0-0: Swinging Strike 0-1: Ball 1-1: Grounds into double play, 6-4-3 (Groundball, 6, EV 98.1 MPH)
|
| Top of the 2nd over - 2 runs, 1 hit, 1 error, 1 left on base; Rome 2 - State College 0 |
| BOTTOM OF THE 2ND |
|
State College Spikes batting - Pitching for Rome Braves : RHP Javy Hernandez
|
|
Batting: LHB Ignacio Ocampo
|
0-0: Ball 1-0: Foul Ball, location: 2F 1-1: Swinging Strike 1-2: Foul Ball, location: 2F 1-2: Foul Ball, location: 2F 1-2: Ball 2-2: Strikes out swinging
|
|
Batting: LHB Mike East
|
0-0: Swinging Strike 0-1: Ball 1-1: Ball 2-1: Ball 3-1: Foul Ball, location: 2F 3-2: Fly out, F6 (Flyball, 56D, EV 90.0 MPH)
|
|
Batting: RHB Juan Carrillo
|
0-0: Ball 1-0: Swinging Strike 1-1: Ball 2-1: Swinging Strike 2-2: Foul Ball, location: 2F 2-2: Ball 3-2: Foul Ball, location: 2F 3-2: Strikes out looking
|
| Bottom of the 2nd over - 0 runs, 0 hits, 0 errors, 0 left on base; Rome 2 - State College 0 |
| TOP OF THE 3RD |
|
Rome Braves batting - Pitching for State College Spikes : RHP Willie Alvarado
|
|
Batting: LHB Mitsujiro Tanaka
|
0-0: Ball 1-0: Called Strike 1-1: Swinging Strike 1-2: Strikes out looking
|
|
Batting: RHB Rafael Reyes
|
0-0: Ball 1-0: Called Strike 1-1: Ball 2-1: Ball 3-1: Ground out U3 (Groundball, 34, EV 86.2 MPH)
|
|
Batting: RHB Dave Pizarro
|
0-0: Ball 1-0: Hit by Pitch
|
|
Batting: RHB Tony Cabrera
|
0-0: Ball Dave Pizarro steals 2nd base (no throw) 1-0: Ball 2-0: Called Strike 2-1: Ground out 5-3 (Groundball, 5, EV 101.2 MPH)
|
| Top of the 3rd over - 0 runs, 0 hits, 0 errors, 1 left on base; Rome 2 - State College 0 |
| BOTTOM OF THE 3RD |
|
State College Spikes batting - Pitching for Rome Braves : RHP Javy Hernandez
|
|
Batting: RHB Jonathan Winkler
|
0-0: Called Strike 0-1: Swinging Strike 0-2: Ball 1-2: Ground out U3 (Groundball, 34S, EV 75.6 MPH)
|
|
Batting: LHB Pete Mitchell
|
0-0: Ball 1-0: Called Strike 1-1: Swinging Strike 1-2: Ball 2-2: Strikes out swinging
|
|
Batting: RHB John James
|
0-0: Called Strike 0-1: Called Strike 0-2: Strikes out swinging
|
| Bottom of the 3rd over - 0 runs, 0 hits, 0 errors, 0 left on base; Rome 2 - State College 0 |
| TOP OF THE 4TH |
|
Rome Braves batting - Pitching for State College Spikes : RHP Willie Alvarado
|
|
Batting: RHB Yutaka Yamane
|
0-0: Ball 1-0: Fly out, F7 (Line Drive, 78M, EV 105.6 MPH)
|
|
Batting: RHB Gebre-Giorgios Wangondu
|
0-0: Foul Ball, location: 2F 0-1: Ball 1-1: Ground out U3 (Groundball, 3S, EV 80.6 MPH)
|
|
Batting: LHB Ivan Castillo
|
0-0: Ball 1-0: Ball 2-0: Ball 3-0: Base on Balls
|
|
Batting: LHB Diego Garcia
|
0-0: Ball Ivan Castillo steals 2nd base 1-0: Swinging Strike 1-1: Ball 2-1: Foul Ball, location: 2F 2-2: Strikes out swinging
|
| Top of the 4th over - 0 runs, 0 hits, 0 errors, 1 left on base; Rome 2 - State College 0 |
| BOTTOM OF THE 4TH |
|
State College Spikes batting - Pitching for Rome Braves : RHP Javy Hernandez
|
|
Batting: RHB Chris Rouleau
|
0-0: Ball 1-0: SINGLE (Flyball, 5D, EV 83.8 MPH)
|
|
Batting: RHB Shou-feng Chang
|
0-0: Ball 1-0: DOUBLE (Line Drive, 7LM, EV 95.0 MPH) Chris Rouleau to third Runner from 3rd tries for Home, SAFE, no throw by LF
|
|
Batting: RHB Nelson Salamanca
|
0-0: Swinging Strike 0-1: Called Strike 0-2: Ball 1-2: Strikes out swinging
|
|
Batting: LHB Ignacio Ocampo
|
0-0: SINGLE (Line Drive, 7LS, EV 96.9 MPH) Shou-feng Chang to third
|
|
Batting: LHB Mike East
|
0-0: Foul Ball, location: 2F 0-1: Ball 1-1: Called Strike 1-2: DOUBLE (Line Drive, 89XD, EV 102.5 MPH) Shou-feng Chang scores Ignacio Ocampo to third Runner from 3rd tries for Home, SAFE, throw by RF to trailing runner, SAFE at third!
|
|
Batting: RHB Juan Carrillo
|
0-0: Called Strike 0-1: Foul Ball, location: 2F 0-2: Foul Ball, location: 2F 0-2: Ball 1-2: Fly out, F8 (Flyball, 8RM, EV 85.0 MPH)
|
|
Batting: RHB Jonathan Winkler
|
0-0: Ball 1-0: Called Strike 1-1: Ball 2-1: Ball 3-1: Base on Balls
|
|
Batting: LHB Pete Mitchell
|
0-0: 3-RUN HOME RUN (Flyball, 89XD, EV 103.8 MPH), Distance : 399 ft
|
|
Pitching: LHP Mohala Kileona
|
|
|
Batting: RHB John James
|
0-0: Called Strike 0-1: Ground out 5-3 (Groundball, 5, EV 79.4 MPH)
|
| Bottom of the 4th over - 6 runs, 5 hits, 0 errors, 0 left on base; Rome 2 - State College 6 |
| TOP OF THE 5TH |
|
Rome Braves batting - Pitching for State College Spikes : RHP Willie Alvarado
|
|
Batting: RHB Carlos Livas
|
0-0: Foul Ball, location: 2F 0-1: Ball 1-1: Ground out 6-3 (Groundball, 6, EV 86.2 MPH)
|
|
Batting: LHB Mitsujiro Tanaka
|
0-0: Foul Ball, location: 2F 0-1: Ball 1-1: Ball 2-1: Foul Ball, location: 2F 2-2: Strikes out swinging
|
|
Batting: RHB Rafael Reyes
|
0-0: Ball 1-0: Swinging Strike 1-1: Foul Ball, location: 2F 1-2: Foul Ball, location: 2F 1-2: Strikes out swinging
|
| Top of the 5th over - 0 runs, 0 hits, 0 errors, 0 left on base; Rome 2 - State College 6 |
| BOTTOM OF THE 5TH |
|
State College Spikes batting - Pitching for Rome Braves : LHP Mohala Kileona
|
|
Batting: RHB Chris Rouleau
|
0-0: Foul Ball, location: 2F 0-1: Ball 1-1: Ball 2-1: Fly out, F9 (Flyball, 9, EV 85.6 MPH)
|
|
Batting: RHB Shou-feng Chang
|
0-0: Foul Ball, location: 2F 0-1: Ball 1-1: Ball 2-1: Ball 3-1: Foul Ball, location: 2F 3-2: Strikes out looking
|
|
Batting: RHB Nelson Salamanca
|
0-0: Called Strike 0-1: Called Strike 0-2: Strikes out swinging
|
| Bottom of the 5th over - 0 runs, 0 hits, 0 errors, 0 left on base; Rome 2 - State College 6 |
| TOP OF THE 6TH |
|
Rome Braves batting - Pitching for State College Spikes : RHP Willie Alvarado
|
|
Batting: RHB Dave Pizarro
|
0-0: Ball 1-0: Called Strike 1-1: Ball 2-1: Foul Ball, location: 2F 2-2: Strikes out swinging
|
|
Batting: RHB Tony Cabrera
|
0-0: Swinging Strike 0-1: Swinging Strike 0-2: Ball 1-2: Strikes out swinging passed ball, reaches first!
|
|
Batting: RHB Yutaka Yamane
|
0-0: Foul Ball, location: 2F 0-1: Fielders Choice at 2nd, 4-6 (Groundball, 4, EV 102.5 MPH)
|
|
Batting: RHB Gebre-Giorgios Wangondu
|
0-0: Ball Yutaka Yamane is caught stealing 2nd base 2-4
|
| Top of the 6th over - 0 runs, 0 hits, 0 errors, 0 left on base; Rome 2 - State College 6 |
| BOTTOM OF THE 6TH |
|
State College Spikes batting - Pitching for Rome Braves : LHP Mohala Kileona
|
|
Batting: LHB Ignacio Ocampo
|
0-0: Called Strike 0-1: Ground out 6-3 (Groundball, 6S, EV 76.9 MPH)
|
|
Batting: LHB Mike East
|
0-0: Ground out U3 (Groundball, 34, EV 88.1 MPH)
|
|
Batting: RHB Juan Carrillo
|
0-0: Swinging Strike 0-1: Called Strike 0-2: Strikes out looking
|
| Bottom of the 6th over - 0 runs, 0 hits, 0 errors, 0 left on base; Rome 2 - State College 6 |
| TOP OF THE 7TH |
|
Rome Braves batting - Pitching for State College Spikes : RHP Willie Alvarado
|
|
Batting: RHB Gebre-Giorgios Wangondu
|
0-0: Ball 1-0: SINGLE (Line Drive, 7LS, EV 89.4 MPH)
|
|
Batting: LHB Ivan Castillo
|
0-0: Called Strike 0-1: Bunt missed! 0-2: Ball Gebre-Giorgios Wangondu steals 2nd, throwing error, E2 Gebre-Giorgios Wangondu to third 1-2: Strikes out swinging
|
|
Batting: LHB Diego Garcia
|
0-0: Fly out, F9 (Flyball, 9D, EV 82.5 MPH)
|
|
Batting: RHB Carlos Livas
|
0-0: Swinging Strike 0-1: Foul Ball, location: 2F 0-2: Ground out 3-1 (Groundball, 13, EV 89.4 MPH)
|
| Top of the 7th over - 0 runs, 1 hit, 1 error, 1 left on base; Rome 2 - State College 6 |
| BOTTOM OF THE 7TH |
|
State College Spikes batting - Pitching for Rome Braves : LHP Mohala Kileona
|
|
Batting: RHB Jonathan Winkler
|
0-0: Ball 1-0: Swinging Strike 1-1: Ball 2-1: Fly out, F8 (Line Drive, 8RM, EV 107.5 MPH)
|
|
Batting: LHB Pete Mitchell
|
0-0: Called Strike 0-1: Swinging Strike 0-2: Fly out, F9 (Flyball, 9D, EV 75.0 MPH)
|
|
Batting: RHB John James
|
0-0: Ball 1-0: Called Strike 1-1: Swinging Strike 1-2: Ball 2-2: Strikes out looking
|
| Bottom of the 7th over - 0 runs, 0 hits, 0 errors, 0 left on base; Rome 2 - State College 6 |
| TOP OF THE 8TH |
|
Rome Braves batting - Pitching for State College Spikes : RHP Willie Alvarado
|
|
Batting: LHB Mitsujiro Tanaka
|
0-0: Called Strike 0-1: Ball 1-1: Ball 2-1: Swinging Strike 2-2: Strikes out swinging
|
|
Pitching: LHP Steve Young
|
|
|
Batting: RHB Rafael Reyes
|
0-0: Called Strike 0-1: Ground out 4-3 (Groundball, 4, EV 96.9 MPH)
|
|
Batting: RHB Dave Pizarro
|
0-0: Ball 1-0: Ball 2-0: Ball 3-0: Called Strike 3-1: Ground out 4-3 (Groundball, 4, EV 88.8 MPH)
|
| Top of the 8th over - 0 runs, 0 hits, 0 errors, 0 left on base; Rome 2 - State College 6 |
| BOTTOM OF THE 8TH |
|
State College Spikes batting - Pitching for Rome Braves : LHP Mohala Kileona
|
|
Batting: RHB Chris Rouleau
|
0-0: Ball 1-0: Ground out 5-3 (Groundball, 56S, EV 64.4 MPH)
|
|
Batting: RHB Shou-feng Chang
|
0-0: Ball 1-0: Ball 2-0: Ball 3-0: Called Strike 3-1: Foul Ball, location: 2F 3-2: Strikes out swinging
|
|
Batting: RHB Nelson Salamanca
|
0-0: Ball 1-0: Called Strike 1-1: Fly out, F7 (Flyball, 7S, EV 81.2 MPH)
|
| Bottom of the 8th over - 0 runs, 0 hits, 0 errors, 0 left on base; Rome 2 - State College 6 |
| TOP OF THE 9TH |
|
Rome Braves batting - Pitching for State College Spikes : LHP Steve Young
|
|
Batting: RHB Tony Cabrera
|
0-0: Called Strike 0-1: Ball 1-1: Fly out, F9 (Flyball, 9, EV 82.5 MPH)
|
|
Batting: RHB Yutaka Yamane
|
0-0: Foul Ball, location: 2F 0-1: Ball 1-1: Foul Ball, location: 2F 1-2: Strikes out swinging
|
|
Batting: RHB Gebre-Giorgios Wangondu
|
0-0: Ball 1-0: Foul Ball, location: 2F 1-1: Hit by Pitch
|
|
Batting: LHB Ivan Castillo
|
0-0: Ball 1-0: Fielders Choice at 2nd, 5-4 (Groundball, 5, EV 106.9 MPH)
|
| Top of the 9th over - 0 runs, 0 hits, 0 errors, 1 left on base; Rome 2 - State College 6 |
|